Cogmind - Beta 10.2 @@@ ROGUE MODE // 2022.01.01 @ 14:04:51 Player: SURFACESEEKER Result: Destroyed by G-47 Trooper with Particle Gun Performance ------------- Evolutions (2) 1000 Regions Visited (4) 800 Robots Destroyed (32) 160 Value Destroyed (619) 619 Prototype IDs (0) 0 Alien Tech Used (0) 0 Bonus (14) 14 TOTAL SCORE: 2593 Bonus ------- Follower Combat Kills 14 Cogmind --------- Core Integrity 0/550 Matter 5/300 Energy 99/100 System Corruption 2% Temperature Cool (9) Movement Rolling (90) Location -8/Materials Parts ------- > --- POWER (1) -------- (None) > --- PROPULSION (4) --- Armored Wheel Armored Wheel Armored Wheel > --- UTILITY (4) ------ Small Storage Unit Large Storage Unit Terrain Scan Processor > --- WEAPON (2) ------- (None) > --- INVENTORY (12) --- Improved Heat Sink Grenade Launcher Peak State ------------ > --- POWER ------------ Light Angular Momentum Engine > --- PROPULSION ------- Aluminum Leg Carbon-fiber Leg Makeshift Leg > --- UTILITY ---------- Small Storage Unit Large Storage Unit Medium Matter Pod Terrain Scan Processor > --- WEAPON ----------- Light Assault Rifle Grenade Launcher > --- INVENTORY -------- Improved Heat Sink Grenade Launcher Grenade Launcher Grenade Launcher Rocket Launcher [Rating: 20] Favorites ----------- Power Ion Engine Engine Ion Engine Propulsion Aluminum Leg Leg Aluminum Leg Wheel Armored Wheel Utility Terrain Scan Processor Device Improved Terrain Scanner Storage Large Storage Unit Processor Terrain Scan Processor Weapon Grenade Launcher Energy Gun EM Pulse Gun Ballistic Gun Light Assault Rifle Launcher Grenade Launcher Build | -11 -10 -9 -9 -8 ------- Run | Scr Mat Mat Min Mat Slots Evolved 4 | . . 2 . 2 Power . | . . . . . Propulsion 2 | . . . . 2 Utility 2 | . . 2 . . Weapon . | . . . . . Parts Attached 33 | 7 3 10 5 8 Power 3 | 1 . 1 1 . Engine 3 | 1 . 1 1 . Core . | . . . . . Reactor . | . . . . . Propulsion 10 | 2 . 1 2 5 Treads . | . . . . . Leg 7 | 2 . 1 2 2 Wheel 3 | . . . . 3 Hover . | . . . . . Flight . | . . . . . Utility 7 | 2 2 3 . . Device 2 | 1 . 1 . . Storage 3 | . 1 2 . . Processor 2 | 1 1 . . . Hackware . | . . . . . Protection . | . . . . . Artifact . | . . . . . Weapon 13 | 2 1 5 2 3 Energy Gun 1 | 1 . . . . Energy Cannon . | . . . . . Ballistic Gun 4 | 1 . 2 1 . Ballistic Cannon . | . . . . . Launcher 8 | . 1 3 1 3 Special Weapon . | . . . . . Impact Weapon . | . . . . . Slashing Weapon . | . . . . . Piercing Weapon . | . . . . . Special Melee Weapon . | . . . . . Unidentified Prototypes . | . . . . . Parts Lost 16 | . . 6 . 10 Power 3 | . . 2 . 1 Propulsion 3 | . . . . 3 Utility 2 | . . 1 . 1 Weapon 8 | . . 3 . 5 Highest Loss Streak 7 | . . 4 . 7 Average Slot Usage (%) 86 | . 100 90 89 60 Engine 8 | . 14 8 1 3 Leg 19 | . 28 20 21 7 Wheel 2 | . . . . 11 Device 6 | . 12 8 . . Storage 18 | . 1 22 33 23 Processor 11 | . 14 11 11 9 Energy Gun 4 | . 14 2 . . Ballistic Gun 5 | . 10 4 2 2 Launcher 8 | . 3 12 19 3 Naked Turns . | . . . . . Heaviest Build 35 | 9 27 33 35 35 Greatest Support 45 | 20 20 23 35 45 Greatest Overweight (x) 11 | . 1 3 2 11 Average Overweight (x) . | . . . . . Largest Inventory Capacity 12 | 4 10 12 12 12 Average Capacity 9 | 4 4 12 12 12 Most Carried 9 | 4 9 8 7 6 Average Carried 4 | 1 3 5 3 3 Final Capacity 12 | 4 10 12 12 12 Final Carried 9 | 2 9 4 6 2 Class Distribution -------------------- 91% | Mutant 8% | Scavenger-Mutant Dominant Class ---------------- Mutant | -10/Materials Mutant | -9/Materials Mutant | -9/Mines Mutant | -8/Materials Resources | -11 -10 -9 -9 -8 ----------- Run | Scr Mat Mat Min Mat Matter Collected 588 | 166 38 291 79 14 Remotely . | . . . . . Salvage Created 523 | 60 104 294 10 55 Parts 44 | 9 5 26 2 2 Haulers Intercepted 2 | . . 1 . 1 Recyclers Shooed 2 | 1 . 1 . . Parts Field Recycled . | . . . . . Retrieved Matter . | . . . . . Parts Self-Destructed . | . . . . . Prevented . | . . . . . Kills | -11 -10 -9 -9 -8 ------- Run | Scr Mat Mat Min Mat Combat Hostiles Destroyed 17 | . 4 10 1 2 Guns 4 | . . 4 . . AOE 13 | . 4 6 1 2 Classes Destroyed 9 | 1 2 6 . . Worker 1 | . 1 . . . Builder 7 | . . 7 . . Tunneler 3 | 3 . . . . Hauler 2 | . . 1 . 1 Mechanic 1 | . . 1 . . Watcher 1 | . . 1 . . Swarmer 5 | . . 4 1 . Grunt 10 | . 4 4 . 2 Sentry 2 | . . 2 . . Best Kill Streak 8 | 3 3 8 1 3 Combat Bots Only 6 | . 2 6 1 2 Max Kills in Single Turn 4 | 1 2 4 1 1 Gunslinging . | . . . . . Exploded 1 | . 1 1 1 1 Melee . | . . . . . Uniques/NPCs Destroyed . | . . . . . Combat | -11 -10 -9 -9 -8 -------- Run | Scr Mat Mat Min Mat Damage Taken 2576 | 31 48 794 53 1650 Core 745 | . . 178 14 553 Absorbed by Shields . | . . . . . Core Remaining (%) 84 | 100 100 . 52 . Volleys Fired 70 | 9 6 36 1 18 Largest 2 | 2 1 2 2 1 Hottest 63 | 60 33 63 50 33 Shots Fired 99 | 18 6 55 2 18 Gun 57 | 18 . 28 1 10 Cannon . | . . . . . Launcher 42 | . 6 27 1 8 Special . | . . . . . Kinetic 48 | 9 . 28 1 10 Thermal . | . . . . . Explosive 42 | . 6 27 1 8 Electromagnetic 9 | 9 . . . . Robot Hit Streak 17 | 6 5 12 3 17 Robot Miss Streak 5 | 2 1 5 . 1 Penetration Max . | . . . . . Secondary Targets 1 | . . 1 . . Max Gunslinging Chain 1 | . . 1 . . Shots Hit Robots 70 | 11 5 35 2 17 Core Hits 64 | 5 8 35 1 15 Critical Hits . | . . . . . Critical Kills . | . . . . . Critical Parts Destroyed . | . . . . . Melee Attacks . | . . . . . Impact . | . . . . . Slashing . | . . . . . Piercing . | . . . . . Sneak Attacks . | . . . . . Combat Hostiles . | . . . . . Follow-up Attacks . | . . . . . Damage Inflicted 2521 | 154 438 1338 65 526 Guns 349 | 128 . 145 7 69 Cannons . | . . . . . Explosions 2131 | 26 438 1170 58 439 Melee . | . . . . . Ramming 41 | . . 23 . 18 Kinetic 247 | 26 . 145 7 69 Thermal 26 | 26 . . . . Explosive 2105 | . 438 1170 58 439 Electromagnetic 102 | 102 . . . . Impact . | . . . . . Slashing . | . . . . . Piercing . | . . . . . Highest Corruption 2 | . . . . 2 Average Corruption 2 | . . . . 2 Corruption Purged . | . . . . . Effects 1 | . . . . 1 Energy Discharges 1 | . . . . 1 Overload Shots . | . . . . . Overflow Damage 32 | . . 17 . 15 Projectiles . | . . . . . Explosions 32 | . . 17 . 15 Melee . | . . . . . Knockbacks . | . . . . . Impact . | . . . . . Kinetic . | . . . . . Secondary . | . . . . . Self-Inflicted Damage 295 | 31 . 170 39 55 Shots 15 | 1 . 10 1 3 Rammed 14 | . . 5 1 8 Targets Rammed 15 | . . 6 1 8 Kicked 1 | . . 1 . . Crushed . | . . . . . Highest Temperature 72 | 72 5 7 . 23 Average Temperature 25 | 42 2 2 . 13 Received Heat Transfer 1056 | . 27 183 . 846 Siege Activations . | . . . . . Robots Corrupted . | . . . . . Combat Hostiles . | . . . . . Parts Fried . | . . . . . Impact Corruptions . | . . . . . Robots Melted . | . . . . . Combat Hostiles . | . . . . . Parts Melted . | . . . . . Heat Transferred 50 | 50 . . . . Parts Sabotaged . | . . . . . Parts Stolen . | . . . . . Parts Stripped . | . . . . . Power Chain Reactions 1 | 1 . . . . Missiles Intercepted . | . . . . . Alert | -11 -10 -9 -9 -8 ------- Run | Scr Mat Mat Min Mat Peak Influence 194 | 15 134 194 107 84 Initial 75 | . 9 5 75 41 Average 62 | 5 44 86 81 44 Maximum Alert Level . | . . . . . Low Security (%) 100 | 100 100 100 100 100 Level 1 . | . . . . . Level 2 . | . . . . . Level 3 . | . . . . . Level 4 . | . . . . . Level 5 . | . . . . . High Security . | . . . . . Max Security . | . . . . . Squads Dispatched 6 | . 1 3 1 1 Investigation 1 | . 1 . . . Extermination . | . . . . . Reinforcement 5 | . . 3 1 1 Assault . | . . . . . Garrison . | . . . . . Intercept . | . . . . . Construction Impeded 3 | . . 2 1 . Haulers Reinforced . | . . . . . Stealth | -11 -10 -9 -9 -8 --------- Run | Scr Mat Mat Min Mat Distress Signals 3 | . . 2 . 1 Communications Jammed . | . . . . . Distress Signals . | . . . . . Times Spotted 39 | . 6 17 3 13 Peak Tracking Total 8 | . 2 8 3 7 Tactical Retreats 5 | . . 3 . 2 Traps | -11 -10 -9 -9 -8 ------- Run | Scr Mat Mat Min Mat Traps Triggered . | . . . . . Indirectly . | . . . . . Trap Hack Attempts . | . . . . . Triggered . | . . . . . Disarmed . | . . . . . Reprogrammed . | . . . . . Reused . | . . . . . Traps Extracted . | . . . . . Installed . | . . . . . Triggered . | . . . . . Machines | -11 -10 -9 -9 -8 ---------- Run | Scr Mat Mat Min Mat Machines Disabled 1 | . . 1 . . Max in Single Turn 1 | . . 1 . . Machines Sabotaged . | . . . . . Garrisons Compromised . | . . . . . Overloaded Fab Kills . | . . . . . Fab Network Shutdowns . | . . . . . Hacking | -11 -10 -9 -9 -8 --------- Run | Scr Mat Mat Min Mat Machines Accessed 5 | . 1 3 . 1 Terminals 3 | . . 3 . . Fabricators . | . . . . . Repair Stations 1 | . . . . 1 Recycling Units 1 | . 1 . . . Scanalyzers . | . . . . . Garrison Access . | . . . . . Total Hacks 10 | . 1 6 . 3 Successful 8 | . 1 5 . 2 Failed 2 | . . 1 . 1 Catastrophic . | . . . . . Database Lockouts . | . . . . . Manual 7 | . 1 6 . . Terminals 6 | . . 6 . . Fabricators . | . . . . . Repair Stations 3 | . . . . 3 Recycling Units 1 | . 1 . . . Scanalyzers . | . . . . . Garrison Access . | . . . . . Terminal Hacks . | . . . . . Fabricator Hacks . | . . . . . Repair Station Hacks 2 | . . . . 2 Scan Component 1 | . . . . 1 Repair 1 | . . . . 1 Recycling Unit Hacks . | . . . . . Scanalyzer . | . . . . . Garrison Access Hacks . | . . . . . Unauthorized Hacks 6 | . 1 5 . . Terminals 5 | . . 5 . . Track 2 | . . 2 . . Botnet 3 | . . 3 . . Fabricators . | . . . . . Repair Stations . | . . . . . Recycling Units 1 | . 1 . . . Tunnel 1 | . 1 . . . Scanalyzers . | . . . . . Garrison Access . | . . . . . Data Cores Recovered . | . . . . . Used . | . . . . . Hacking Detections 2 | . . 2 . . Full Trace Events . | . . . . . Feedback Events . | . . . . . Feedback Blocked . | . . . . . Robot Schematics Acquired . | . . . . . Robots Built . | . . . . . Matter . | . . . . . Time . | . . . . . Total Robot Build Rating . | . . . . . Part Schematics Acquired . | . . . . . Parts Built . | . . . . . Matter . | . . . . . Time . | . . . . . Total Part Build Rating . | . . . . . Parts Repaired 1 | . . . . 1 Time 26 | . . . . 26 Parts Recycled . | . . . . . Recycled Matter . | . . . . . Retrieved Matter . | . . . . . Retrieved Components . | . . . . . Parts Scanalyzed . | . . . . . Part Schematics Acquired . | . . . . . Parts Damaged . | . . . . . Bothacking | -11 -10 -9 -9 -8 ------------ Run | Scr Mat Mat Min Mat Used RIF Installer . | . . . . . Robots Hacked . | . . . . . Non-combat . | . . . . . Combat . | . . . . . Robot Hacks Applied . | . . . . . Relay Couplers Released . | . . . . . Robots Rewired . | . . . . . Allies Hacked . | . . . . . Hacks Repelled . | . . . . . Allies | -11 -10 -9 -9 -8 -------- Run | Scr Mat Mat Min Mat Total Allies 2 | . . . 2 . Largest Group 2 | . . . 2 . Highest-Rated Group 49 | . . . 49 . Highest-Rated Ally 31 | . . . 31 . Total Orders . | . . . . . Ally Attacks 7 | . . . 7 . Total Damage 84 | . . . 84 . Kills 2 | . . . 2 . Allies Corrupted . | . . . . . Allies Melted . | . . . . . Intel | -11 -10 -9 -9 -8 ------- Run | Scr Mat Mat Min Mat Robot Analysis Total . | . . . . . Derelict Logs Recovered . | . . . . . Drone Launches . | . . . . . Drone Recoveries . | . . . . . Exploration | -11 -10 -9 -9 -8 ------------- Run | Scr Mat Mat Min Mat Turns Passed 1756 | 118 412 689 193 344 Spaces Moved 1050 | 79 286 366 111 208 Core 35 | 29 . . . 6 Treads . | . . . . . Legs 872 | 50 286 366 111 59 Wheels 143 | . . . . 143 Hover . | . . . . . Flight . | . . . . . Fastest Speed 50 | 50 120 120 120 90 Average Speed 130 | 94 122 145 149 116 Slowest Speed 600 | 120 150 210 180 600 Overloaded Moves . | . . . . . Propulsion Burnouts . | . . . . . Robots Hopped . | . . . . . Cave-ins Triggered . | . . . . . Exploration Rate (%) 21 | 4 28 30 20 25 Regions Visited 4 Branch Regions 1 Pre-discovered Areas 1 | . 1 . . . Known Exits Taken . | . . . . . Unknown Exits Taken 4 | 1 1 1 1 . Scrap Searched . | . . . . . Spaces Dug . | . . . . . Terrain Destroyed 276 | 6 37 193 9 31 Melee . | . . . . . Projectile . | . . . . . AOE 276 | 6 37 193 9 31 Terrain Rammed . | . . . . . Walls Destroyed . | . . . . . Machines Disabled . | . . . . . Actions | -11 -10 -9 -9 -8 --------- Run | Scr Mat Mat Min Mat Total 1342 | 107 342 470 135 288 Wait 140 | . 36 50 12 42 Move 1046 | 78 285 365 110 208 Hop . | . . . . . Pick Up 31 | 11 9 2 5 4 Fast Attach 1 | . 1 . . . Attach 25 | 7 . 7 3 8 Detach . | . . . . . Swap 7 | . 2 3 2 . Drop 7 | 2 3 1 1 . Fire 70 | 9 6 36 1 18 Melee . | . . . . . Ram 2 | . . . . 2 Kick 13 | . . 6 1 6 Crush . | . . . . . Escape Stasis . | . . . . . Rewire . | . . . . . Trap . | . . . . . Miscellaneous . | . . . . . Route ------- -11/Scrapyard -10/Materials -9/Materials -9/Mines (discovered 2 exits: *Mat x2) -8/Materials History --------- Turn | Location | Event 12 | -11/Scrapyard | Discovered new exit (range 16) 119 | -11/Scrapyard | Entered Materials 309 | -10/Materials | Build established: Mutant 478 | -10/Materials | Discovered new exit (range 3) 531 | -10/Materials | Entered another Materials area 531 | -9/Materials | Evolved 2 slots: Utility x2 1110 | -9/Materials | Lost 4 parts (1p1u2w) 1187 | -9/Materials | Discovered new exit (range 12) 1220 | -9/Materials | Entered Mines 1223 | -9/Mines | Discovered new exit (range 10) 1350 | -9/Mines | Discovered new exit (range 5) 1413 | -9/Mines | Entered Materials 1413 | -8/Materials | Evolved 2 slots: Propulsion x2 1454 | -8/Materials | Repaired Aluminum Leg 1593 | -8/Materials | Lost 7 parts (1p2n4w) 1598 | -8/Materials | Core integrity fell below 50% 1615 | -8/Materials | Core integrity fell below 20% 1757 | -8/Materials | Destroyed by G-47 Trooper with Particle Gun Last Messages --------------- 01576_ Slammed into G-50 Soldier. 01576_ Destabilizing: System corrupted (+2). 01578_ Slammed into G-50 Soldier. 01599_ Aluminum Leg destroyed. 01602_ Med. Matter Pod destroyed. 01611_ Acquired Arm. Wheel. 01627_ K-01 Serf cleans the Fusion Modulator. 01636_ K-01 Serf collects debris. 01640_ System corrupted: Energy discharge (-32). 01653_ O-16 Technician: "IFF HANDSHAKE FAILED. SECURING TERMINAL." 01654_ O-16 Technician uses terminal to summon reinforcements. 01654_ ALERT: Hostiles spotted, dispatching reinforcements to Terminal M012. 01654_ O-16 Technician locks terminal. 01668_ Slammed into R-06 Scavenger. 01669_ Slammed into U-05 Engineer. 01731_ Electrolysis Chamber disabled. 01732_ K-01 Serf collects debris. 01737_ Grenade Launcher destroyed. 01741_ K-01 Serf collects debris. Map ----- +----------------------------------------------------+ | ???????????????????????????? | | ???????????????????????????? | | ???????????????????????????? | | ???????????????????????????? | | ???????????????????????????? | | ?????##########????????????? | | ?????# #????????????? | | ??#### """ #????????????? | | ??# # """ #????????????? | | ??# # """ #????????????? | | ??# + #????????????? | | ??# # " #????????????? | | ??# # """ #????????????? | | ??# # """ #????????????? | | ??# g# #????????????? | | ??#g ##########????????????? | | ??#gg#?######??????????????# | | ??# #? #?????########## | | ??# # #?????# | | ??# # "S #?????# | | ??# + """ #?????# | | ??# # "" #?????# ###### | | ??# # !#?????# #????? | | ??# #?######?????# #????? | | ??# #????????????# #????? | | ??#@g############## #????? | | ??# a #????? | | ??# wg #????? | | ??# ############## +????? | | ??# #????????????# #????? | | ??# #????????????# #????? | | ??# #????????????# #????? | | ??# +????????????# #????? | | ??# #????????????# #????? | | ??# #????????????# #????? | | ??# #????????????? #????? | | ??# #????????????? #????? | | ??# #????????????? #????? | | ??? a?????????????? #????? | | ??? ?????????????? #????? | | ??? ?????????????? #????? | | ???????????????????????????? | | ???????????????????????????? | | ???????????????????????????? | | ???????????????????????????? | | ???????????????????????????? | | ???????????????????????????? | | ???????????????????????????? | | ???????????????????????????? | | ???????????????????????????? | +----------------------------------------------------+ Best States ------------- Heat Dissipation 31 Energy Generation 18 Energy Capacity 250 Matter Stores 292 Matter Capacity 400 Sight Range 16 Terrain Scan Range 16 Terrain Scan Density 85 Evasion (%) 50 Item Schematics ----------------- None Robot Schematics ------------------ None Fabricated ------------ Nothing Alien Tech Used ----------------- None Achievements -------------- None Challenges ------------ None Game ------ Seed HackingLatentConverter Manual? 0 Play Time 00:17:46 Cumulative 125.0 hours Start 2022.01.01 @ 13:50:56 End 2022.01.01 @ 14:04:51 Sessions 1 Manual Loads 0 Difficulty Rogue Special Mode None Game No. 101 Rogue 101 Adventurer 0 Explorer 0 Win Type - Total 0 Types 0/0/0/0/0/0/0/0/0 Lore% 33 Gallery% 54 Achievement% 34 Wizard Run 0 Options --------- ASCII 0 Keyboard 0 Movement Arrows Keybinds 0 Fullscreen 1 Font 14/Terminus Map View 72x54 Tactical HUD 1 Map Filters NONE Filters NONE Steam 1 RUN: b678d4f2-b3dd-41db-b12a-eaed7ae2d6d5